 Dungeon Crawl Stone Soup version 0.31-a0-521-gc7390f8997 (webtiles) character file.

Game seed: 1623409794870108219

14 tilp the Vexing (level 2, -1/14 HPs)
             Began as a Vampire Enchanter on Aug 11, 2023.
             Slain by a giant cockroach (2 damage)
             ... on level 1 of the Dungeon.
             The game lasted 00:01:30 (648 turns).

tilp the Vexing (Vampire Enchanter)                  Turns: 648, Time: 00:01:31

Health: -1/14      AC:  2    Str:  7    XL:     2   Next: 27%
Magic:  3/5        EV: 12    Int: 17    God:
Gold:   64         SH:  0    Dex: 14    Spells: 3/5 levels left

rFire   . . .        a - +1 dagger
rCold   + + .        (no shield)
rNeg    + + +        b - +0 robe
rPois   ∞            (no helmet)
rElec   .            (no cloak)
rCorr   .            (no gloves)
SInv    +            (no boots)
Will    .....        (no amulet)
Stlth   +++++        f - +4 ring of slaying
HPRegen 0.00/turn    (no ring)
MPRegen 0.09/turn

%: no passive effects
@: bloodless, inhibited regen
A: bloodless, fangs 3, see invisible, vampiric 1, [frail 1]
a: Revivify


You were on level 1 of the Dungeon.
You visited 1 branch of the dungeon, and saw 2 of its levels.

You collected 64 gold pieces.

Inventory:

Hand Weapons
 a - a +1 dagger (weapon)
Missiles
 n - 5 stones
Armour
 b - a +0 robe (worn)
Jewellery
 f - a +4 ring of slaying (left hand)
Scrolls
 g - a scroll of immolation {unknown}
 h - 3 scrolls of blinking {unknown}
 l - a scroll of vulnerability {unknown}
Potions
 c - 2 potions of invisibility
 d - a potion of mutation {unknown}
 e - a potion of curing {unknown}
 i - a potion of degeneration {unknown}
 j - a potion of heal wounds {unknown}
 k - a potion of ambrosia {unknown}
 m - a potion of enlightenment {unknown}


   Skills:
 * Level 0.6 Fighting
 * Level 1.7 Short Blades
 + Level 2.3 Dodging
 + Level 4.5 Stealth
 + Level 2.0 Spellcasting
 + Level 4.6 Hexes


You had 3 spell levels left.
You knew the following spells:

 Your Spells              Type           Power      Damage    Failure   Level
a - Ensorcelled Hibernat  Hex/Ice        18%        N/A       12%         2

Your spell library contained the following spells:

 Spells                   Type           Power      Damage    Failure   Level
 Confusing Touch          Hex            17%        N/A       9%          3
 Tukima's Dance           Hex            17%        N/A       9%          3
 Dazzling Flash           Conj/Hex       18%        N/A       22%         3
 Inner Flame              Hex/Fire       9%         N/A       22%         3
 Yara's Violent Unravell  Hex/Tmut       4%         3d4       91%         5
 Enfeeble                 Hex            8%         N/A       100%        7


Dungeon Overview and Level Annotations

Branches:
Dungeon (2/15)

Altars:


Innate Abilities, Weirdness & Mutations

You do not regenerate when monsters are visible.
You are frail without blood (-20% HP).
You can heal yourself when you bite living creatures.
You are immune to poison.
You have razor-sharp teeth.
You have supernaturally acute eyesight. (SInv)
You are afflicted with vampirism.
[You are frail. (-10% HP)]


Message History

The giant cockroach bites you but does no damage.
You barely miss the bat. The bat closely misses you.
The giant cockroach barely misses you.
You hit the giant cockroach but do no damage.
The giant cockroach is heavily wounded.
The bat closely misses you. The giant cockroach closely misses you.
The dart slug launches a dart at you. The slug dart hits you.
You barely miss the giant cockroach.
The giant cockroach is heavily wounded.
The bat hits you but does no damage. The giant cockroach bites you.
The dart slug launches a dart at you. The slug dart hits you.
You are too injured to fight recklessly!
The bat hits you.
* * * LOW HITPOINT WARNING * * *
The bat hits you.
* * * LOW HITPOINT WARNING * * *
The bat hits you.
* * * LOW HITPOINT WARNING * * *
The giant cockroach closely misses you.
The giant cockroach attacks as you move away!
The giant cockroach closely misses you. The bat closely misses you.
The giant cockroach attacks as you move away!
The giant cockroach bites you but does no damage.
There is a stone staircase leading up here.
The bat closely misses you. The bat hits you.
* * * LOW HITPOINT WARNING * * *
The bat hits you.
* * * LOW HITPOINT WARNING * * *
The giant cockroach barely misses you.
You climb upwards.
There is a stone staircase leading down here.
Casting: Ensorcelled Hibernation (safe; 12% risk of failure)
Confirm with . or Enter, or press ? or * to list all spells.
Aiming: Ensorcelled Hibernation (safe; 12% risk of failure)
Press: ? - help, Shift-Dir - straight line, f - bat
Aim: a bat (chance to affect: 61%)
The bat looks drowsy...
The giant cockroach bites you.
You die...

#.#...#........##.
#.......##.######. #.......##.#
#. #.##.##.##.# #.
#.##....##.#######
##.#####.##..#..... #############
#......#.###[#.....
...##.......###..b...............
.#..............@###.#####.#.....
......#........B..##.# ##.#.....
.#..#....)....#...##.####...#####
.#..#.##....#.#...##.##.....#
....#.......#........##.#...# ###
.##.............#######.#######..
###........##.....####...####....
#........####.....#..~..#.....#
#........# #8..~....~....~..8#


You could see a giant cockroach and a bat (asleep).

Vanquished Creatures
  A dart slug (D:1)
  2 bats (D:1)
  An endoplasm (D:1)
  2 hobgoblins (D:1)
  2 ball pythons (D:1)
  3 frilled lizards (D:1)
  A rat (D:1)
12 creatures vanquished.

Notes
Turn   | Place    | Note
-------+----------+-------------------------------------------
     0 | D:1      | tilp the Vampire Enchanter began the quest for the Orb.
     0 | D:1      | Reached XP level 1. HP: 13/13 MP: 3/3
   108 | D:1      | Reached XP level 2. HP: 13/16 MP: 5/5
   111 | D:1      | Learned a level 2 spell: Ensorcelled Hibernation
   319 | D:1      | Found a faded altar of an unknown god.
   648 | D:1      | Slain by a giant cockroach

Illustrated notes

Levels and vault maps discovered:
D:1:      eino_arrival_water_star, layout_loops_cross,
          ebering_ecumenical_altar_box
D:2:      layout_basic

Action                     || total
---------------------------++-------
  Melee: Dagger            ||    29
         Bite              ||     3
   Cast: Ensorcelled Hiber ||     2
Ability: Exsanguinate      ||     2
         Revivify          ||     1
   Stab: Sleeping          ||     7
 Armour: Robe              ||     7
  Dodge: Dodged            ||    23

Table legend: (Time is in decaauts)
 A = Elapsed time spent in this place.
 B = Non-inter-level travel time spent in this place.
 C = Inter-level travel time spent in this place.
 D = Time resting spent in this place.
 E = Time spent auto-exploring this place.
 F = Levels seen in this place.
 G = Mean time per level.
                   A        B        C        D        E       F      G
               +--------+--------+--------+--------+--------+-----+--------+
         Total |    646 |    624 |     22 |      3 |    491 |   2 |  323.0 |
       Dungeon |    646 |    624 |     22 |      3 |    491 |   2 |  323.0 |
               +--------+--------+--------+--------+--------+-----+--------+

Top non-repeatable levels by time:
     D:1: 629 daAuts
     D:2: 17 daAuts
